% Time on Ice - ANAHEIM OUTLAWS
Lines # - Real PCT - Wanted PCT - Time Play
Normal Forward
1 - 31% - 29% - 14:21
2 - 26% - 29% - 11:49
3 - 28% - 25% - 12:44
4 - 15% - 17% - 6:48
Normal Defense
1 - 31% - 35% - 14:10
2 - 37% - 35% - 16:41
3 - 30% - 20% - 13:46
4 - 2% - 10% - 1:05
PP Forward
1 - 57% - 50% - 6:28
2 - 43% - 50% - 4:53
PP Defense
1 - 45% - 50% - 5:08
2 - 55% - 50% - 6:13
PK Forward
1 - 51% - 50% - 1:03
2 - 49% - 50% - 1:01
PK Defense
1 - 40% - 50% - 0:50
2 - 60% - 50% - 1:14
PK3 Forward
1 - 100% - 55% - 0:04
2 - 0% - 45% - 0:00
PK3 Defense
1 - 0% - 55% - 0:00
2 - 100% - 45% - 0:04
44 Forward
1 - 0% - 50%
2 - 0% - 50%
44 Defense
1 - 0% - 50%
2 - 0% - 50%
Last Minute Offensive  - 0:00
Last Minute Defensive  - 0:49
Total
Forward - 60:00
Defense - 60:00
% Time on Ice - OAKLAND GORILLAS
Lines # - Real PCT - Wanted PCT - Time Play
Normal Forward
1 - 34% - 36% - 15:24
2 - 30% - 31% - 13:50
3 - 28% - 23% - 12:40
4 - 9% - 10% - 4:00
Normal Defense
1 - 35% - 36% - 15:59
2 - 36% - 31% - 16:25
3 - 27% - 23% - 12:36
4 - 2% - 10% - 0:54
PP Forward
1 - 70% - 55% - 1:30
2 - 30% - 45% - 0:38
PP Defense
1 - 67% - 55% - 1:26
2 - 33% - 45% - 0:42
PK Forward
1 - 55% - 55% - 6:14
2 - 45% - 45% - 5:07
PK Defense
1 - 51% - 55% - 5:47
2 - 49% - 45% - 5:34
PK3 Forward
1 - 0% - 55%
2 - 0% - 45%
PK3 Defense
1 - 0% - 55%
2 - 0% - 45%
44 Forward
1 - 0% - 55%
2 - 0% - 45%
44 Defense
1 - 0% - 55%
2 - 0% - 45%
Last Minute Offensive  - 0:37
Last Minute Defensive  - 0:00
Total
Forward - 60:00
Defense - 60:00
Play-by-Play 1st period 0:01 of 1st period - Jonathan Drouin wins face-off versus Wayne Simmonds in neutral zone. 0:23 of 1st period - Shot by Kevin Fiala. 0:23 of 1st period - Deflect By Jonathan Drouin. 0:23 of 1st period - Shot Misses the Net. 0:39 of 1st period - Shot by Jonathan Drouin. 0:39 of 1st period - Shot Misses the Net. 0:42 of 1st period - Minor Penalty to Wayne Simmonds for Goalie Interference. 0:43 of 1st period - Jonathan Drouin wins face-off versus Jimmy Vesey in OAKLAND GORILLAS zone. 1:00 of 1st period - Shot by Jonathan Drouin. 1:00 of 1st period - Stopped by Robin Lehner without a rebound. 1:01 of 1st period - Jimmy Vesey wins face-off versus Ryan Callahan in OAKLAND GORILLAS zone. 1:07 of 1st period - Icing by Michael Grabner. 1:08 of 1st period - Ryan Dzingel wins face-off versus Ryan Callahan in ANAHEIM OUTLAWS zone. 2:46 of 1st period - Erik Gudbranson is hit by Jonathan Audy-Marchessault and loses puck. 2:55 of 1st period - Shot by Jordan Greenway. 2:55 of 1st period - Deflect By Ryan Hartman. 2:55 of 1st period - Stopped by Matthew Murray without a rebound. 2:56 of 1st period - Adrian Kempe wins face-off versus Wayne Simmonds in ANAHEIM OUTLAWS zone. 2:56 of 1st period - Adrian Kempe is hit by Milan Lucic. 3:13 of 1st period - Richard Panik is hit by Filip Hronek and loses puck. 3:55 of 1st period - Minor Penalty to Filip Hronek for Hooking. 3:56 of 1st period - Jimmy Vesey wins face-off versus Ryan Callahan in OAKLAND GORILLAS zone. 4:07 of 1st period - Shot by Ryan Callahan. 4:07 of 1st period - Stopped by Robin Lehner with a rebound. 4:32 of 1st period - Shot by Brady Tkachuk. 4:32 of 1st period - Shot Misses the Net. 5:13 of 1st period - Shot by Richard Panik. 5:13 of 1st period - Shot Misses the Net. 5:15 of 1st period - Shot by Thomas Hickey. 5:15 of 1st period - Shot Misses the Net. 5:30 of 1st period - Off-side. 5:31 of 1st period - Jonathan Drouin wins face-off versus Jimmy Vesey in neutral zone. 5:34 of 1st period - Shot by Jonathan Audy-Marchessault. 5:34 of 1st period - Shot Misses the Net. 5:36 of 1st period - Shot by Richard Panik. 5:36 of 1st period - Shot Misses the Net. 6:01 of 1st period - Shot by Nicholas Ritchie. 6:01 of 1st period - Shot Misses the Net. 6:10 of 1st period - Matt Duchene is hit by Samuel Girard and loses puck. 6:48 of 1st period - Icing by Ivan Barbashev. 6:49 of 1st period - Ivan Barbashev wins face-off versus Jonathan Audy-Marchessault in OAKLAND GORILLAS zone. 6:51 of 1st period - Icing by Jordan Greenway. 6:52 of 1st period - Ivan Barbashev wins face-off versus Jonathan Audy-Marchessault in OAKLAND GORILLAS zone. 6:56 of 1st period - Icing by Jordan Greenway. 6:57 of 1st period - Adrian Kempe wins face-off versus Ivan Barbashev in OAKLAND GORILLAS zone. 7:19 of 1st period - Shot by Michael Grabner. 7:19 of 1st period - Stopped by Robin Lehner without a rebound. 7:20 of 1st period - Cedric Paquette wins face-off versus Jonathan Audy-Marchessault in OAKLAND GORILLAS zone. 7:20 of 1st period - Cedric Paquette is hit by Ryan Callahan. 7:25 of 1st period - Ryan Dzingel is hit by Jonathan Audy-Marchessault and loses puck. 8:22 of 1st period - Shot by Kevin Fiala. 8:22 of 1st period - Shot Misses the Net. 8:26 of 1st period - Shot by Jonathan Drouin. 8:26 of 1st period - Shot Misses the Net. 8:28 of 1st period - Shot by Jonathan Drouin. 8:28 of 1st period - Stopped by Robin Lehner without a rebound. 8:29 of 1st period - Adrian Kempe wins face-off versus Wayne Simmonds in OAKLAND GORILLAS zone. 8:45 of 1st period - Minor Penalty to Erik Gudbranson for Hooking. 8:46 of 1st period - Jonathan Drouin wins face-off versus Milan Lucic in OAKLAND GORILLAS zone. 9:37 of 1st period - Shot by Ryan Dzingel. 9:37 of 1st period - Goal by Ryan Dzingel - ANAHEIM OUTLAWS : 0 - OAKLAND GORILLAS : 1. 9:38 of 1st period - Jimmy Vesey wins face-off versus Ryan Callahan in neutral zone. 9:59 of 1st period - Off-side. 10:00 of 1st period - Jimmy Vesey wins face-off versus Ryan Callahan in neutral zone. 10:11 of 1st period - Shot by Ryan Callahan. 10:11 of 1st period - Goal by Ryan Callahan - ANAHEIM OUTLAWS : 1 - OAKLAND GORILLAS : 1. 10:12 of 1st period - Wayne Simmonds wins face-off versus Jonathan Drouin in neutral zone. 10:25 of 1st period - Shot by Wayne Simmonds. 10:25 of 1st period - Shot Misses the Net. 10:28 of 1st period - Icing by Maxime Lajoie. 10:29 of 1st period - Jonathan Drouin wins face-off versus Jordan Greenway in ANAHEIM OUTLAWS zone. 11:27 of 1st period - Shot by Nicholas Ritchie. 11:27 of 1st period - Stopped by Robin Lehner without a rebound. 11:28 of 1st period - Adrian Kempe wins face-off versus Wayne Simmonds in OAKLAND GORILLAS zone. 11:35 of 1st period - Shot by Richard Panik. 11:35 of 1st period - Goal by Richard Panik - ANAHEIM OUTLAWS : 2 - OAKLAND GORILLAS : 1. 11:36 of 1st period - Nico Hischier wins face-off versus Adrian Kempe in neutral zone. 11:49 of 1st period - Richard Panik is hit by Jonas Brodin and loses puck. 12:08 of 1st period - Shot by Brady Tkachuk. 12:08 of 1st period - Stopped by Matthew Murray without a rebound. 12:09 of 1st period - Ryan Dzingel wins face-off versus Garnet Hathaway in ANAHEIM OUTLAWS zone. 12:24 of 1st period - Shot by Ryan Dzingel. 12:24 of 1st period - Shot Misses the Net. 12:26 of 1st period - Shot by Jimmy Vesey. 12:26 of 1st period - Shot Misses the Net. 12:42 of 1st period - Shot by Matt Duchene. 12:42 of 1st period - Stopped by Robin Lehner without a rebound. 12:43 of 1st period - Jonathan Drouin wins face-off versus Wayne Simmonds in OAKLAND GORILLAS zone. 12:46 of 1st period - Shot by Kevin Fiala. 12:46 of 1st period - Goal by Kevin Fiala - ANAHEIM OUTLAWS : 3 - OAKLAND GORILLAS : 1. 12:47 of 1st period - Jonathan Drouin wins face-off versus Wayne Simmonds in neutral zone. 13:29 of 1st period - Shot by Brady Tkachuk. 13:29 of 1st period - Shot Misses the Net. 13:43 of 1st period - Shot by Ryan Dzingel. 13:43 of 1st period - Stopped by Matthew Murray with a rebound. 14:48 of 1st period - Icing by Mark Borowiecki. 14:49 of 1st period - Wayne Simmonds wins face-off versus Garnet Hathaway in ANAHEIM OUTLAWS zone. 14:50 of 1st period - Shot by Milan Lucic. 14:50 of 1st period - Shot Misses the Net. 15:55 of 1st period - Icing by Filip Hronek. 15:56 of 1st period - Ivan Barbashev wins face-off versus Adrian Kempe in OAKLAND GORILLAS zone. 15:56 of 1st period - Ivan Barbashev is hit by Richard Panik. 16:16 of 1st period - Icing by Jordan Greenway. 16:17 of 1st period - Ivan Barbashev wins face-off versus Jonathan Audy-Marchessault in OAKLAND GORILLAS zone. 16:42 of 1st period - Shot by Ryan Dzingel. 16:42 of 1st period - Shot Misses the Net. 16:50 of 1st period - Shot by Jimmy Vesey. 16:50 of 1st period - Stopped by Matthew Murray without a rebound. 16:51 of 1st period - Adrian Kempe wins face-off versus Wayne Simmonds in ANAHEIM OUTLAWS zone. 16:51 of 1st period - Adrian Kempe is hit by Brady Tkachuk. 17:05 of 1st period - Shot by Richard Panik. 17:05 of 1st period - Stopped by Robin Lehner without a rebound. 17:06 of 1st period - Jonathan Drouin wins face-off versus Cedric Paquette in OAKLAND GORILLAS zone. 17:21 of 1st period - Shot by Jonathan Drouin. 17:21 of 1st period - Shot Misses the Net. 17:23 of 1st period - Shot by Mark Borowiecki. 17:23 of 1st period - Stopped by Robin Lehner without a rebound. 17:24 of 1st period - Wayne Simmonds wins face-off versus Adrian Kempe in OAKLAND GORILLAS zone. 17:38 of 1st period - Richard Panik is hit by Jakob Chychrun and loses puck. 17:55 of 1st period - Icing by Keith Yandle. 17:56 of 1st period - Adrian Kempe wins face-off versus Cedric Paquette in ANAHEIM OUTLAWS zone. 18:08 of 1st period - Icing by John Moore. 18:09 of 1st period - Cedric Paquette wins face-off versus Garnet Hathaway in OAKLAND GORILLAS zone. 18:16 of 1st period - Icing by Garnet Hathaway. 18:17 of 1st period - Wayne Simmonds wins face-off versus Garnet Hathaway in ANAHEIM OUTLAWS zone. 18:18 of 1st period - Shot by Nico Hischier. 18:18 of 1st period - Stopped by Matthew Murray without a rebound. 18:19 of 1st period - Garnet Hathaway wins face-off versus Wayne Simmonds in ANAHEIM OUTLAWS zone. 18:24 of 1st period - Shot by Duncan Keith. 18:24 of 1st period - Deflect By Nicholas Ritchie. 18:24 of 1st period - Stopped by Robin Lehner without a rebound. 18:25 of 1st period - Garnet Hathaway wins face-off versus Wayne Simmonds in OAKLAND GORILLAS zone. 18:25 of 1st period - Garnet Hathaway is hit by Jonas Brodin. 18:41 of 1st period - Mark Borowiecki is hit by Brady Tkachuk and loses puck. 18:54 of 1st period - Shot by Brady Tkachuk. 18:54 of 1st period - Stopped by Matthew Murray without a rebound. 18:55 of 1st period - Adrian Kempe wins face-off versus Cedric Paquette in ANAHEIM OUTLAWS zone. 19:18 of 1st period - Shot by Richard Panik. 19:18 of 1st period - Shot Misses the Net. 19:20 of 1st period - Shot by Richard Panik. 19:20 of 1st period - Shot Blocked by Filip Hronek. 19:51 of 1st period - Minor Penalty to Wayne Simmonds for Holding. 19:52 of 1st period - Brandon Dubinsky wins face-off versus Jonathan Drouin in OAKLAND GORILLAS zone. 19:52 of 1st period - Brandon Dubinsky is hit by Garnet Hathaway. Goals for this period are 3 for ANAHEIM OUTLAWS vs 1 for OAKLAND GORILLAS. Shots for this perio